 Dungeon Crawl Stone Soup version 0.30-a0-711-gf4ac18a38d (webtiles) character file.

Game seed: 11562641151422572114

16724 Tocho the Unseen (level 12, -4/64 HPs)
             Began as a Kobold Enchanter on Jan 22, 2023.
             Was a Priest of Sif Muna.
             Slain by a culicivora (20 damage)
             ... on level 2 of the Lair of Beasts on Jan 23, 2023.
             The game lasted 01:22:44 (16480 turns).

Tocho the Unseen (Kobold Enchanter)                Turns: 16480, Time: 01:22:45

Health: -4/64      AC: 13    Str:  4    XL:     12   Next: 73%
Magic:  12/34      EV: 15    Int: 29    God:    Sif Muna [***...]
Gold:   553        SH:  0    Dex: 17    Spells: 8/29 levels left

rFire   . . .      SeeInvis +    O - +4 dagger "Oplaa" {holy, Int+2 SInv}
rCold   . . .      Faith    .    B - orb {*channel}
rNeg    + + .      Spirit   .    E - +1 leather armour of Feasting {rN++ Dex+2}
rPois   .          Reflect  .    k - +2 helmet
rElec   .          Harm     .    (no cloak)
rCorr   .          Rampage  .    b - +1 pair of gloves "Fialaqad" {Int+2}
Will    .....                    (no boots)
Stlth   +++++++                  (no amulet)
HPRegen 0.30/turn                s - ring of magical power
MPRegen 0.24/turn                m - +4 ring of protection

@: about to teleport, unable to drink
A: small, no large weapons, nightstalker 3, clever 1, sense surroundings 1, wild
magic 1, inability to drink after injury 1
a: Renounce Religion, Channel Magic, Forget Spell


You were on level 2 of the Lair of Beasts.
You worshipped Sif Muna.
Sif Muna was most pleased with you.
You visited 3 branches of the dungeon, and saw 13 of its levels.
You also visited: Ossuary.

You collected 1062 gold pieces.
You spent 509 gold pieces at shops.

Inventory:

Hand Weapons
 a - a +1 dagger
 e - a +5 dagger of venom
 i - a +1 demon whip of venom
 y - a +0 rapier of distortion
 H - a +0 dagger of holy wrath
 O - the +4 dagger "Oplaa" (weapon) {holy, Int+2 SInv}
   (You found it on level 9 of the Dungeon)

   Int:       It affects your intelligence (+2).
   SInv:      It lets you see invisible.
Missiles
 d - 3 atropa-tipped darts
 g - 24 poisoned darts
Armour
 b - the +1 pair of gloves "Fialaqad" (worn) {Int+2}
   (You acquired it on level 6 of the Dungeon)

   Int:       It affects your intelligence (+2).
 k - a +2 helmet (worn)
 o - the +1 cloak of Wonder {rPois Int+2}
   (You acquired it on level 6 of the Dungeon)

   Int:       It affects your intelligence (+2).
   rPois:     It protects you from poison.
 B - an orb of energy (worn)
 D - a +1 robe of positive energy
 E - the +1 leather armour of Feasting (worn) {rN++ Dex+2}
   (You bought it in a shop on level 6 of the Dungeon)

   Dex:       It affects your dexterity (+2).
   rN:        It greatly protects you from negative energy.
Magical Staves
 T - a staff of air
Jewellery
 l - a +6 ring of strength
 m - a +4 ring of protection (right hand)
 s - a ring of magical power (left hand)
 v - a +6 ring of strength
 I - a ring of poison resistance
 R - an amulet of guardian spirit
Wands
 p - a wand of flame (42)
 F - a wand of charming (12)
 G - a wand of digging (2)
 J - a wand of mindburst (14)
 M - a wand of iceblast (8)
Scrolls
 f - a scroll of magic mapping
 n - 4 scrolls of teleportation
 q - 3 scrolls of vulnerability
 r - a scroll of torment
 t - 4 scrolls of amnesia
 C - 2 scrolls of blinking
 K - a scroll of identify
 N - 2 scrolls of poison
 P - a scroll of enchant armour
Potions
 c - a potion of invisibility
 h - 3 potions of curing
 j - 5 potions of haste
 u - 3 potions of lignification
 w - 3 potions of might
 x - 4 potions of brilliance
 z - a potion of degeneration
 A - 3 potions of mutation
 L - a potion of berserk rage
 Q - a potion of heal wounds {unknown}
 U - a potion of magic {unknown}
 V - a potion of flight {unknown}
 W - 2 potions of cancellation
Miscellaneous
 S - a lightning rod (inert) (quivered)


   Skills:
 + Level 3.1 Fighting
 * Level 8.9 Short Blades
 + Level 1.2 Throwing
 + Level 4.6 Dodging
 * Level 15.5 Stealth
 * Level 9.3 Spellcasting
 * Level 2.8 Conjurations
 - Level 8.1 Hexes
 + Level 2.2 Summonings
 * Level 5.6 Ice Magic
 * Level 3.0 Invocations
 * Level 5.5 Evocations


You had 8 spell levels left.
You knew the following spells:

 Your Spells              Type           Power      Damage    Failure   Level
a - Ensorcelled Hibernat  Hex/Ice        100%       N/A       1%          2
b - Summon Small Mammal   Summ           100%       N/A       5%          1
c - Confusing Touch       Hex            68%        N/A       1%          3
d - Tukima's Dance        Hex            68%        N/A       1%          3
e - Dazzling Flash        Conj/Hex       100%       N/A       4%          3
f - Passwall              Tmut/Erth      14%        N/A       16%         2
g - Summon Guardian Gole  Hex/Summ       54%        N/A       4%          3
h - Wereblood             Tmut           17%        N/A       16%         2
i - Blink                 Tloc           34%        N/A       16%         2

Your spell library contained the following spells:

 Spells                   Type           Power      Damage    Failure   Level
 Frozen Ramparts          Ice            100%       1d16      4%          3
 Beastly Appendage        Tmut           34%        N/A       11%         1
 Call Canine Familiar     Summ           34%        N/A       13%         3
 Scorch                   Fire           34%        2d6       16%         2
 Summon Ice Beast         Ice/Summ       47%        N/A       21%         4
 Ignite Poison            Fire/Tmut/Pois 17%        N/A       30%         3
 Kindle Blastsparks       Fire/Tloc/Air  34%        2d12      30%         3
 Spider Form              Tmut/Pois      17%        N/A       30%         3
 Swiftness                Air            17%        N/A       30%         3
 Ice Form                 Ice/Tmut       38%        N/A       30%         4
 Flame Wave               Conj/Fire      28%        2d9       47%         4
 Iskenderun's Mystic Bla  Conj/Tloc      28%        2d7       47%         4
 Freezing Cloud           Conj/Ice/Air   19%        6-21      63%         5
 Iskenderun's Battlesphe  Conj           38%        2d9       63%         5
 Manifold Assault         Tloc           17%        N/A       67%         4
 Summon Cactus Giant      Summ           17%        N/A       99%         6
 Iron Shot                Conj/Erth      14%        9d4       100%        6
 Starburst                Conj/Fire      14%        6d6       100%        6
 Ozocubu's Refrigeration  Ice            28%        4d13      100%        7
 Spellforged Servitor     Conj/Summ      18%        N/A       100%        7
 Storm Form               Tmut/Air       8%         N/A       100%        7


Dungeon Overview and Level Annotations

Branches:
Dungeon (10/15)            Temple (1/1) D:7            Lair (2/5) D:10
 Spider (0/4) Lair:2          Orc (0/2) D:9         Ossuary (visited)
  Swamp: Lair:2-3    Shoals: Lair:2-3

Altars:
Ashenzari
Cheibriados
Dithmenos
Elyvilon
Fedhas
Gozag
Hepliaklqana
Kikubaaqudgha
Makhleb
Nemelex Xobeh
Okawaru
Qazlal
Ru
Sif Muna
Trog
Uskayaw
Vehumet
Wu Jian
Xom
Yredelemnul
Zin
The Shining One

Shops:
D:6 [*:   D:7 [

Portals:
Abyss: D:5


Innate Abilities, Weirdness & Mutations

You are small and have problems with some larger weapons.
You are completely attuned to the shadows.
Your mind is acute. (Int +4, Str/Dex -1)
You passively map a small area around you.
Your spells are a little harder to cast, but a little more powerful.
You occasionally lose the ability to drink potions when taking damage.


Message History

Confirm with . or Enter, or press ? or * to list all spells.
Aiming: Ensorcelled Hibernation (safe; 1% risk of failure)
Press: ? - help, Shift-Dir - straight line, f - culicivora
Aim: a culicivora (chance to affect: 71%)
The culicivora looks drowsy...
The culicivora closely misses you. The culicivora barely misses you.
The helpless culicivora fails to defend itself.
You skewer the culicivora like a kebab!!!!
You kill the culicivora!
Sif Muna accepts your kill. The culicivora completely misses you.
Casting: Ensorcelled Hibernation (safe; 1% risk of failure)
Confirm with . or Enter, or press ? or * to list all spells.
Aiming: Ensorcelled Hibernation (safe; 1% risk of failure)
Press: ? - help, Shift-Dir - straight line, f - culicivora
Aim: a culicivora (chance to affect: 71%)
The culicivora is unaffected.
The culicivora bites you!
Casting: Ensorcelled Hibernation (safe; 1% risk of failure)
Confirm with . or Enter, or press ? or * to list all spells.
Aiming: Ensorcelled Hibernation (safe; 1% risk of failure)
Press: ? - help, Shift-Dir - straight line, f - you That would be overly suicidal.
Okay, then.
Casting: Ensorcelled Hibernation (safe; 1% risk of failure)
Confirm with . or Enter, or press ? or * to list all spells.
Aiming: Ensorcelled Hibernation (safe; 1% risk of failure)
Press: ? - help, Shift-Dir - straight line, f - you
Okay, then.
Casting: Ensorcelled Hibernation (safe; 1% risk of failure)
Confirm with . or Enter, or press ? or * to list all spells.
Casting: Dazzling Flash (dangerous; 4% risk of failure)
Press: ? - help, Dir - look around, f - activate The culicivora bites you but does no damage.
The culicivora bites you!
You feel threatened and lose the ability to drink potions!
* * * LOW HITPOINT WARNING * * *
The culicivora draws strength from your injuries!
As you read the scroll of teleportation, it crumbles to dust.
You feel strangely unstable. The culicivora bites you!!
You die...

, * , #P.*#.(.. , ,, ,
#.##..(. ,, ,, *
#.....(P * ##......P ,
* ### #.......( *
######.## ##........
#.#.#†#.###......... ,,
##†#.#.#.##......... ,
###.#@#####.#..##.....
,s≈..s##*.#....###.....
, .≈.>s.# #^.....# ....
, .≈...###^#.....# ,,
.##.##*####.#.## , , ##
,*^#### ,, ,, ** * .# ,
* * * *, , , * * ,


You could see 2 culicivoras.

Vanquished Creatures
  Snorg (D:10)
  3 two-headed ogres
  Urug (Lair:2)
  Amaemon (D:8)
  Pikel (D:5)
  2 oklob plants (D:10)
  An orange demon (D:8)
  Psyche (D:8)
  Maggie (D:8)
  A komodo dragon (Lair:2)
  A troll (D:10)
  A hornet (D:7)
  4 blink frogs (Lair:1)
  Prince Ribbit (D:8)
  A jumping spider (Lair:2)
  A culicivora (Lair:2)
  A wyvern (D:10)
  9 yaks
  A basilisk (Lair:1)
  A wraith (D:10)
  A steam dragon (D:9)
  3 redbacks (Lair:2)
  4 vampire mosquitoes
  Menkaure (Ossuary)
  An acid dragon (D:10)
  6 water moccasins
  9 orc warriors
  An ice beast (D:6)
  3 black bears
  The ghost of acebull12 the Covered, an amateur MiFi (D:5)
  2 centaurs
  A small abomination (D:5)
  2 ogres
  A kobold brigand (D:4)
  2 phantoms
  An elf zombie (Ossuary)
  3 bullfrogs
  A gnoll sergeant (D:10)
  3 scorpions
  3 necrophages
  18 wights
  3 killer bees (D:8)
  An electric eel (Lair:1)
  3 centaur zombies (Ossuary)
  A jelly (D:5)
  Crazy Yiuf (D:7)
  9 orc priests
  3 hounds
  Jessica (D:2)
  3 iguanas
  10 orc wizards
  2 ogre zombies (Ossuary)
  7 mummies
  Robin (D:4)
  12 gnolls
  7 adders
  3 white imps
  7 adder zombies (Ossuary)
  3 worms (D:2)
  A dart slug (D:3)
  55 orcs
  5 ball pythons
  4 endoplasms (D:2)
  3 giant cockroaches
  19 goblins
  6 hobgoblins
  11 kobolds
  2 quokkas (D:3)
  10 bats
  4 frilled lizards
  3 goblin zombies (Ossuary)
  4 hobgoblin zombies (Ossuary)
  6 kobold zombies
  3 quokka zombies (Ossuary)
  6 rats
  3 rat zombies (Ossuary)
323 creatures vanquished.

Vanquished Creatures (collateral kills)
  An orc wizard (D:7)
  An orc (D:8)
2 creatures vanquished.

Vanquished Creatures (others)
  2 yaks (D:9)
  An orc warrior (D:9)
  2 wights (D:6)
  A quasit (D:5)
  An orc (D:9)
  A kobold (D:5)
  A bush (D:5)
  A fungus (Lair:2)
  4 plants
14 creatures vanquished.

Grand Total: 339 creatures vanquished

Notes
Turn   | Place    | Note
-------+----------+-------------------------------------------
     0 | D:1      | Tocho the Kobold Enchanter began the quest for the Orb.
     0 | D:1      | Reached XP level 1. HP: 10/10 MP: 3/3
   154 | D:1      | Reached XP level 2. HP: 15/15 MP: 5/5
   477 | D:1      | Learned a level 2 spell: Ensorcelled Hibernation
   479 | D:1      | Learned a level 1 spell: Summon Small Mammal
  1005 | D:2      | Reached XP level 3. HP: 12/19 MP: 6/6
  1150 | D:2      | Reached skill level 5 in Stealth
  1211 | D:2      | Reached XP level 4. HP: 10/24 MP: 2/7
  1458 | D:2      | Noticed Jessica
  1462 | D:2      | Killed Jessica
  1463 | D:2      | Reached XP level 5. HP: 28/28 MP: 7/9
  1498 | D:2      | Learned a level 3 spell: Confusing Touch
  1502 | D:2      | Learned a level 3 spell: Tukima's Dance
  1734 | D:2      | Found a stormy altar of Qazlal.
  2204 | D:3      | Noticed an ogre
  2210 | D:3      | Killed an ogre
  2211 | D:3      | Reached skill level 6 in Stealth
  2211 | D:3      | Reached XP level 6. HP: 12/33 MP: 1/10
  2442 | D:3      | Found a broken altar of Ashenzari.
  2897 | D:4      | Reached skill level 7 in Stealth
  3108 | D:4      | Noticed an ogre
  3112 | D:4      | Killed an ogre
  3113 | D:4      | Reached XP level 7. HP: 37/37 MP: 11/11
  3150 | D:4      | Reached skill level 8 in Stealth
  3182 | D:4      | Found a sand-covered staircase.
  3187 | Ossuary  | Entered an ossuary
  3231 | Ossuary  | Noticed Menkaure
  3252 | Ossuary  | Killed Menkaure
  3253 | Ossuary  | Reached skill level 1 in Fighting
  3276 | Ossuary  | Reached skill level 9 in Stealth
  3385 | Ossuary  | Reached XP level 8. HP: 43/43 MP: 9/13
  3874 | D:4      | Reached skill level 5 in Short Blades
  3895 | D:4      | Noticed Robin
  4513 | D:4      | Killed Robin
  4579 | D:5      | Entered Level 5 of the Dungeon
  4584 | D:5      | Found a transporter.
  4970 | D:5      | Reached skill level 10 in Stealth
  4970 | D:5      | Reached skill level 1 in Ice Magic
  5061 | D:5      | Noticed Pikel
  5078 | D:5      | Killed Pikel
  5079 | D:5      | Reached skill level 5 in Hexes
  5079 | D:5      | Reached XP level 9. HP: 47/48 MP: 12/16
  5171 | D:5      | Learned a level 3 spell: Dazzling Flash
  5174 | D:5      | Learned a level 2 spell: Passwall
  5178 | D:5      | Learned a level 3 spell: Summon Guardian Golem
  5309 | D:5      | Noticed acebull12's ghost (amateur MiFi)
  5310 | D:5      | Found a transporter.
  5378 | D:5      | Reached skill level 5 in Spellcasting
  5980 | D:5      | Found a one-way gate to the infinite horrors of the Abyss.
  6137 | D:5      | Reached skill level 11 in Stealth
  6186 | D:5      | Killed acebull12's ghost
  6187 | D:5      | Reached skill level 1 in Summonings
  6373 | D:6      | Found Tuykliz's Antique Armour Emporium.
  6412 | D:6      | Bought a polished leather armour for 161 gold pieces
  6412 | D:6      | Identified the +1 leather armour of Feasting {rN++ Dex+2}
                  | (You bought it in a shop on level 6 of the Dungeon)
  6457 | D:6      | Reached skill level 1 in Evocations
  6867 | D:6      | Reached skill level 12 in Stealth
  6910 | D:6      | Found a burning altar of Makhleb.
  6950 | D:6      | Reached XP level 10. HP: 53/53 MP: 18/18
  7122 | D:6      | Found Kyokie's Book Shop.
  7145 | D:6      | Identified 3 scrolls of acquirement
  7147 | D:6      | Acquired Sif Muna's Parchment of Chilblains
  7149 | D:6      | Found Litzymud's General Store.
  7150 | D:6      | Acquired the +1 pair of gloves "Fialaqad" {Int+2}
  7168 | D:6      | Acquired the +1 cloak of Wonder {rPois Int+2}
  7487 | D:6      | Found a hide-covered altar of Uskayaw.
  7772 | D:7      | Found a staircase to the Ecumenical Temple.
  7782 | Temple   | Entered the Ecumenical Temple
  7785 | Temple   | Found a transporter.
  7785 | Temple   | Found a transporter.
  7787 | Temple   | Found a transporter.
  7787 | Temple   | Found a transporter.
  7853 | Temple   | Became a worshipper of Sif Muna the Loreminder
  7943 | D:7      | Learned a level 2 spell: Wereblood
  7946 | D:7      | Learned a level 2 spell: Blink
  8010 | D:7      | Found a transporter.
  8015 | D:7      | Noticed a two-headed ogre
  8015 | D:7      | Noticed a two-headed ogre
  8093 | D:7      | Found Fiohou's Antique Armour Shop.
  8099 | D:7      | Bought a glowing orb for 348 gold pieces
  9164 | D:7      | Found a runed translucent door.
  9167 | D:7      | Noticed Crazy Yiuf
  9172 | D:7      | Killed Crazy Yiuf
  9803 | D:7      | Killed a two-headed ogre
  9804 | D:7      | Reached skill level 13 in Stealth
  9824 | D:7      | Found a transporter.
  9870 | D:7      | Killed a two-headed ogre
 10274 | D:8      | Noticed Prince Ribbit
 10277 | D:8      | Killed Prince Ribbit
 10487 | D:8      | Noticed Maggie
 10491 | D:8      | Killed Maggie
 10491 | D:8      | Reached * piety under Sif Muna
 10492 | D:8      | Reached XP level 11. HP: 57/57 MP: 21/21
 10520 | D:8      | Found an iron altar of Okawaru.
 10651 | D:8      | Noticed Amaemon
 10695 | D:8      | Killed Amaemon
 10696 | D:8      | Reached skill level 14 in Stealth
 10882 | D:8      | Noticed Psyche
 10893 | D:8      | Killed Psyche
 11079 | D:8      | Found an ancient bone altar of Kikubaaqudgha.
 11088 | D:8      | Found a snail-covered altar of Cheibriados.
 11102 | D:8      | Found a glowing golden altar of the Shining One.
 11114 | D:8      | Found a sparkling altar of Nemelex Xobeh.
 11128 | D:8      | Found a basalt altar of Yredelemnul.
 11487 | D:9      | Identified the +4 dagger "Oplaa" {holy, Int+2 SInv}
 12016 | D:9      | Reached ** piety under Sif Muna
 12504 | D:10     | Entered Level 10 of the Dungeon
 13431 | D:9      | Reached skill level 1 in Conjurations
 13439 | D:9      | Found a staircase to the Orcish Mines.
 13965 | D:9      | Gained mutation: You passively map a small area around you.
                  | [potion of mutation]
 13965 | D:9      | Gained mutation: Your spells are a little harder to cast,
                  | but a little more powerful. [potion of mutation]
 13965 | D:9      | Gained mutation: You occasionally lose the ability to drink
                  | potions when taking damage. [potion of mutation]
 13965 | D:9      | Gained mutation: Your mind is acute. (Int +4, Str/Dex -1)
                  | [potion of mutation]
 14032 | D:10     | Found a staircase to the Lair.
 14032 | D:10     | Noticed an oklob plant
 14037 | D:10     | Noticed an oklob plant
 14047 | D:10     | Killed an oklob plant
 14048 | D:10     | Reached skill level 1 in Invocations
 14267 | D:10     | Reached XP level 12. HP: 64/64 MP: 24/24
 14346 | D:10     | Noticed Snorg
 14350 | D:10     | Killed Snorg
 14351 | D:10     | Reached skill level 1 in Throwing
 14370 | D:10     | Noticed a two-headed ogre
 14373 | D:10     | Killed a two-headed ogre
 14806 | D:10     | Reached skill level 5 in Evocations
 14830 | D:10     | Reached skill level 5 in Ice Magic
 14835 | D:10     | Reached *** piety under Sif Muna
 15132 | D:10     | Reached skill level 15 in Stealth
 15198 | D:10     | Upgraded the game from 0.30-a0-702-gdf48620a09 to
                  | 0.30-a0-711-gf4ac18a38d
 15282 | Lair:1   | Entered Level 1 of the Lair of Beasts
 15370 | Lair:1   | Found a bloodstained altar of Trog.
 16329 | Lair:2   | Noticed Urug
 16333 | Lair:2   | Killed Urug
 16459 | Lair:2   | Found a hole to the Spider Nest.
 16480 | Lair:2   | Slain by a culicivora

Illustrated notes

Levels and vault maps discovered:
D:1:      shiori_arrival_elements, layout_basic, minmay_misc_feat_columns,
          corexii_item_surrounded_by_moat
D:2:      layout_basic, basic_altar, minmay_crystal_room, uniq_jessica
D:3:      layout_basic, ashenzari_conservatory_becter
D:4:      layout_basic, nicolae_ossuary_entry_giza, uniq_robin
D:5:      layout_loops_corners, gammafunk_ghost_abyssal_escape,
          minmay_misc_feat_pillars, minmay_misc_feat_doors,
          kb_lookout_dungeons_type, hangedman_decor_riveting,
          guppyfry_early_lair_pool, uniq_pikel
D:6:      layout_loops_ring, nicolae_overflow_hidden_temple,
          mainiacjoe_overflow_alcove_4, serial_shops, shop, shop_coins, shop
D:7:      gammafunk_beogh_shrine, layout_layer_cave, minmay_temple_entry_glass,
          serial_shops, shop_fountains, uniq_crazy_yiuf_cottage
D:8:      layout_loops_cross, mainiacjoe_overflow_six_doors_small,
          minmay_overflow_temple_star_hex, uniq_psyche, uniq_prince_ribbit1,
          uniq_maggie, uniq_amaemon
D:9:      layout_layer_cave, david_orc_5
D:10:     layout_basic, dpeg_oklobed_lair, uniq_snorg
Temple:   hellmonk_temple_divided_pantheon
Lair:1:   layout_hall_layers, basic_altar, infiniplex_staircase_pool
Lair:2:   layout_chaotic_city, nicolae_spider_entry_tight_spaces,
          lemuel_fruit_tree, serial_bayou_shore_a, uniq_urug

Skill      XL: |  1  2  3  4  5  6  7  8  9 10 11 12 |
---------------+-------------------------------------+-----
Stealth        | 5 6 7 9 10 12 13 14 15 | 15.5
Short Blades   | 2 3 4 6 7 8 |  8.9
Dodging        | 3 4 |  4.6
Spellcasting   | 3 4 5 6 8 9 |  9.3
Hexes          | 4 5 6 7 8 |  8.1
Fighting       | 1 2 3 |  3.1
Ice Magic      | 1 3 4 5 |  5.6
Summonings     | 1 2 |  2.2
Evocations     | 2 3 4 5 |  5.5
Conjurations   | 1 2 |  2.8
Invocations    | 1 3 |  3.0
Throwing       | 1 |  1.2

Action                     |  1- 3 |  4- 6 |  7- 9 | 10-12 || total
---------------------------+-------+-------+-------+-------++-------
  Melee: Dagger            |    55 |    83 |   250 |   398 ||   786
         Punch             |     2 |       |     2 |     1 ||     5
  Throw: Dart              |    15 |       |       |    10 ||    25
   Cast: Ensorcelled Hiber |     5 |    10 |    17 |    91 ||   123
         Confusing Touch   |       |       |    19 |    28 ||    47
         Summon Guardian G |       |       |    14 |    13 ||    27
         Summon Small Mamm |       |       |     3 |    12 ||    15
         Dazzling Flash    |       |       |     1 |    23 ||    24
         Tukima's Dance    |       |       |       |     4 ||     4
         Wereblood         |       |       |       |     4 ||     4
         Blink             |       |       |       |     1 ||     1
  Evoke: Wand              |       |       |     2 |     6 ||     8
         Lightning rod     |       |       |       |     4 ||     4
    Use: Scroll            |       |     9 |     4 |    18 ||    31
         Potion            |       |       |     1 |     7 ||     8
   Stab: Sleeping          |    10 |    30 |    44 |    85 ||   169
         Distracted        |       |     1 |     1 |     4 ||     6
         Confused          |       |       |    16 |    14 ||    30
         Invisible         |       |       |       |    14 ||    14
 Armour: Robe              |    15 |    16 |    35 |       ||    66
         Leather armour    |       |       |     9 |   115 ||   124
  Dodge: Dodged            |    53 |    48 |   137 |   332 ||   570

Table legend: (Time is in decaauts)
 A = Elapsed time spent in this place.
 B = Non-inter-level travel time spent in this place.
 C = Inter-level travel time spent in this place.
 D = Time resting spent in this place.
 E = Time spent auto-exploring this place.
 F = Levels seen in this place.
 G = Mean time per level.
                   A        B        C        D        E       F      G
               +--------+--------+--------+--------+--------+-----+--------+
         Total |  16239 |  14578 |   1661 |   1593 |   9921 |  14 | 1159.9 |
       Dungeon |  14281 |  12760 |   1521 |   1593 |   8626 |  10 | 1428.1 |
        Temple |    105 |     79 |     26 |      0 |      8 |   1 |  105.0 |
          Lair |   1197 |   1083 |    114 |      0 |    959 |   2 |  598.5 |
       Ossuary |    654 |    654 |      0 |      0 |    328 |   1 |  654.0 |
               +--------+--------+--------+--------+--------+-----+--------+

Top non-repeatable levels by time:
     D:7: 2457 daAuts
     D:9: 2171 daAuts
     D:5: 1772 daAuts
    D:10: 1451 daAuts
     D:6: 1283 daAuts
     D:8: 1271 daAuts
     D:4: 1122 daAuts
     D:2: 1082 daAuts
  Lair:1: 1030 daAuts
     D:1: 937 daAuts
     D:3: 732 daAuts
 Ossuary: 654 daAuts
  Lair:2: 166 daAuts
  Temple: 105 daAuts
